 Dungeon Crawl Stone Soup version 0.29-a0-121-g8efb068a30 (webtiles) character file.

Game seed: 12735592226465356778

618 Ordine the Covert (level 7, -2/32 HPs)
             Began as a Spriggan Enchanter on Feb 20, 2022.
             Was a Follower of Dithmenos.
             Succumbed to a kobold brigand's curare-tipped dart
             ... in a sewer.
             The game lasted 00:20:47 (4380 turns).

Ordine the Covert (Spriggan Enchanter)              Turns: 4380, Time: 00:20:47

Health: -2/32      AC:  2    Str:  4    XL:     7   Next: 21%
Magic:  10/14      EV: 17    Int: 18    God:    Dithmenos [*.....]
Gold:   218        SH:  0    Dex: 16    Spells: 6/14 levels left

rFire   . . .      SeeInvis +   a - +1 dagger
rCold   . . .      Faith    .   (no shield)
rNeg    . . .      Spirit   .   b - +0 robe
rPois   .          Reflect  .   (helmet restricted)
rElec   .          Harm     .   (no cloak)
rCorr   .          Rampage  .   (gloves unavailable)
Will    +....                   (boots unavailable)
Stlth   ++++......              i - amulet of regeneration
HPRegen 0.90/turn               p - ring of wizardry
MPRegen 0.14/turn               (no ring)

@: brilliant, lethally poisoned (-2 -> -10), attractive, slowed, wreathed by
umbra, quick
A: very small, no large weapons, unfitting armour, see invisible, speed 3
a: Renounce Religion


You were in a sewer.
You worshipped Dithmenos.
Dithmenos was aware of your devotion.
You visited 1 branch of the dungeon, and saw 5 of its levels.
You also visited: Sewer.

You collected 218 gold pieces.

Inventory:

Hand Weapons
 a - a +1 dagger (weapon)
 k - the +6 spear of the Scorching Goat {drain, +Blink MP+9}
   (You found it on level 2 of the Dungeon)

   A truly terrible weapon, it drains the life of any living foe it strikes.
   MP:        It affects your magic capacity (+9).
   +Blink:    It lets you blink.
Armour
 b - a +0 robe (worn)
Jewellery
 i - an amulet of regeneration (around neck)
 p - a ring of wizardry (left hand)
Scrolls
 d - 3 scrolls of amnesia {unknown}
 e - 3 scrolls of teleportation {unknown}
 g - 7 scrolls of identify {unknown}
 j - a scroll of enchant armour {unknown}
 l - 2 scrolls of acquirement {unknown}
 m - a scroll of fog {unknown}
 n - a scroll of immolation {unknown}
 q - a scroll of silence {unknown}
 r - 3 scrolls of brand weapon {unknown}
Potions
 c - 2 potions of invisibility
 h - a potion of haste {unknown}
 o - a potion of attraction
 s - a potion of heal wounds {unknown}


   Skills:
 + Level 0.5 Fighting
 - Level 5.0 Short Blades
 + Level 3.0 Dodging
 - Level 8.0 Stealth
 - Level 4.0 Spellcasting
 * Level 5.7 Hexes


You had 6 spell levels left.
You knew the following spells:

 Your Spells              Type           Power      Damage    Failure   Level
a - Ensorcelled Hibernat  Hex/Ice        40%        N/A       2%          2
b - Confusing Touch       Hex            36%        N/A       1%          3
c - Dazzling Flash        Conj/Hex       40%        N/A       6%          3

Your spell library contained the following spells:

 Spells                   Type           Power      Damage    Failure   Level
 Slow                     Hex            100%       N/A       1%          1
 Tukima's Dance           Hex            36%        N/A       1%          3
 Sandblast                Erth           10%        2d5       6%          1
 Passwall                 Tmut/Erth      4%         N/A       9%          2
 Stone Arrow              Conj/Erth      10%        3d7       17%         3
 Vampiric Draining        Necr           5%         2d6       17%         3
 Anguish                  Hex/Necr       10%        N/A       17%         4
 Summon Lightning Spire   Summ/Air       5%         N/A       47%         4
 Enfeeble                 Hex            18%        N/A       99%         7
 Storm Form               Tmut/Air       2%         N/A       100%        7
 Maxwell's Capacitive Co  Air            2%         ∞         100%        8


Dungeon Overview and Level Annotations

Branches:
Dungeon (5/15)              Sewer (1/1)
 Temple: D:4-7

Altars:
Dithmenos


Innate Abilities, Weirdness & Mutations

You are very small and have problems with some larger weapons.
You are too small for most types of armour.
You have supernaturally acute eyesight. (SInv)
You cover ground extremely quickly. (Speed+++)


Message History

Confirm with . or Enter, or press ? or * to list all spells.
Aiming: Ensorcelled Hibernation (safe; 2% risk of failure)
Press: ? - help, Shift-Dir - straight line, f/p - kobold brigand
Aim: a kobold brigand, wielding a +0 short sword and quivering curare-tipped darts (umbra, chance to affect: 47%)
The kobold brigand resists with some effort.
You feel sick.
The kobold brigand hits you with a +0 short sword.
You feel sick.
You feel sick.
You feel sick.
The kobold brigand throws a curare-tipped dart.
The curare-tipped dart barely misses you.
You feel sick.
You feel sick.
The kobold throws a stone.
The stone closely misses you.
The kobold brigand throws a curare-tipped dart.
The curare-tipped dart hits you.
You are more poisoned.
You have difficulty breathing.
You feel yourself slow down.
You feel sick.
The kobold throws a stone.
The stone barely misses you.
You feel sick.
The kobold throws a stone.
The stone hits you.
You feel sick.
The kobold brigand throws a curare-tipped dart.
The curare-tipped dart hits you.
You are more poisoned.
You have difficulty breathing.
* * * LOW HITPOINT WARNING * * *
You feel as though you will be slow longer.
It was a potion of attraction.
You feel attractive to monsters.
* * * LOW HITPOINT WARNING * * *
You feel very sick.
The kobold throws a stone.
The stone closely misses you.
The kobold throws a stone.
The stone misses you. The kobold is attracted toward you.
The kobold brigand is attracted toward you.
The kobold is attracted toward you. x2
It was a potion of brilliance.
You feel clever all of a sudden.
You die...

.≈≈≈.......##
.≈≈.........##
≈≈≈.......#..#
≈≈≈......###.#
.≈≈≈.....###∩#
.≈≈≈≈.....####
≈≈≈≈≈.....##
.≈≈≈≈≈.....#
≈≈≈≈.≈.@...##
≈≈≈≈≈.......#
≈≈≈≈≈.......#
≈≈≈≈≈..KK...#
≈≈≈≈≈≈KK...##
≈≈≈≈≈≈≈...##
≈≈≈≈≈≈≈§§.#
≈≈≈≈≈≈§§..##
≈≈≈≈≈≈≈....#


You could see a kobold brigand and 3 kobolds.

Vanquished Creatures
  2 ogres
  A water moccasin skeleton (D:4)
  A jelly (D:3)
  A centaur zombie (D:4)
  A hound (D:4)
  2 orc priests
  A centaur skeleton (D:4)
  An orc wizard (D:5)
  An iguana (D:4)
  3 river rats (Sewer)
  6 adders
  A howler monkey skeleton (D:4)
  A worm (D:3)
  2 dart slugs (D:1)
  7 orcs
  9 ball pythons
  3 bats
  9 endoplasms
  4 giant cockroaches
  7 goblins
  7 hobgoblins
  3 jackals (D:1)
  3 quokkas
  A frilled lizard (D:2)
  11 kobolds
  6 rats
94 creatures vanquished.

Notes
Turn   | Place    | Note
-------+----------+-------------------------------------------
     0 | D:1      | Ordine the Spriggan Enchanter began the quest for the Orb.
     0 | D:1      | Reached XP level 1. HP: 9/9 MP: 5/5
   572 | D:1      | Reached XP level 2. HP: 13/13 MP: 6/6
   635 | D:1      | Reached skill level 5 in Stealth
   800 | D:1      | Learned a level 2 spell: Ensorcelled Hibernation
   921 | D:1      | You fall into a shaft and drop 1 floor!
  1266 | D:1      | Reached XP level 3. HP: 5/16 MP: 2/8
  1492 | D:1      | Found a faded altar of an unknown god.
  1884 | D:2      | Reached skill level 6 in Stealth
  1888 | D:2      | Learned a level 3 spell: Confusing Touch
  1924 | D:2      | Identified the +6 spear of the Scorching Goat {drain,
                  | +Blink MP+9}
  2056 | D:2      | Reached XP level 4. HP: 21/21 MP: 6/9
  2712 | D:3      | Found a shadowy altar of Dithmenos.
  2716 | D:3      | Became a worshipper of Dithmenos the Shadowed
  3010 | D:3      | Reached skill level 7 in Stealth
  3105 | D:3      | Learned a level 3 spell: Dazzling Flash
  3134 | D:4      | Noticed an ogre
  3136 | D:4      | Reached XP level 5. HP: 24/24 MP: 10/10
  3197 | D:3      | Killed an ogre
  3380 | D:4      | Reached skill level 8 in Stealth
  3380 | D:4      | Reached XP level 6. HP: 28/28 MP: 6/11
  3682 | D:4      | Reached skill level 5 in Short Blades
  3987 | D:5      | Entered Level 5 of the Dungeon
  4036 | D:5      | Reached skill level 5 in Hexes
  4036 | D:5      | Reached XP level 7. HP: 32/32 MP: 12/14
  4176 | D:5      | Found a glowing drain.
  4225 | D:5      | Reached * piety under Dithmenos
  4251 | Sewer    | Entered a sewer
  4380 | Sewer    | Succumbed to a kobold brigand's curare-tipped dart

Illustrated notes

Levels and vault maps discovered:
D:1:      wheals_arrival_linesprint, layout_rooms,
          dreamdust_ecumenical_altar_grove, hangedman_decor_opposing,
          st_stairs_4
D:2:      layout_basic, hangedman_abyss_or_decor_lesser_grid,
          grunt_decor_resistance
D:3:      layout_basic, nicolae_dithmenos_the_darkroom
D:4:      layout_rooms
D:5:      layout_basic, mainiacjoe_overflow_alcove_1,
          cheibrodos_sewer_entry_drain, serial_shops,
          nicolae_shop_bloodbath_and_beyond
Sewer:    sewer_minmay_treatment

Skill      XL: |  1  2  3  4  5  6  7 |
---------------+----------------------+-----
Stealth        | 5 6 7 8 |  8.0
Short Blades   | 2 3 4 5 |  5.0
Spellcasting   | 4 |  4.0
Hexes          | 5 |  5.7
Dodging        | 3 |  3.0
Fighting       | |  0.5

Action                   |  1- 3 |  4- 6 |  7- 9 || total
-------------------------+-------+-------+-------++-------
Melee: Dagger            |   180 |   136 |    35 ||   351
       Punch             |       |     2 |       ||     2
 Cast: Ensorcelled Hiber |     6 |    28 |    10 ||    44
       Confusing Touch   |       |     4 |       ||     4
  Use: Potion            |       |       |     2 ||     2
 Stab: Sleeping          |    13 |    29 |     7 ||    49
       Distracted        |     1 |       |       ||     1
       Confused          |       |     2 |       ||     2
Armor: Robe              |    12 |    22 |     2 ||    36
Dodge: Dodged            |   139 |    96 |    32 ||   267

Table legend: (Time is in decaauts)
 A = Elapsed time spent in this place.
 B = Non-inter-level travel time spent in this place.
 C = Inter-level travel time spent in this place.
 D = Time resting spent in this place.
 E = Time spent auto-exploring this place.
 F = Levels seen in this place.
 G = Mean time per level.
                   A        B        C        D        E       F      G
               +--------+--------+--------+--------+--------+-----+--------+
         Total |   3323 |   3236 |     87 |    421 |   1808 |   6 |  553.8 |
       Dungeon |   3232 |   3145 |     87 |    421 |   1755 |   5 |  646.4 |
         Sewer |     91 |     91 |      0 |      0 |     52 |   1 |   91.0 |
               +--------+--------+--------+--------+--------+-----+--------+

Top non-repeatable levels by time:
     D:1: 1298 daAuts
     D:2: 607 daAuts
     D:3: 603 daAuts
     D:4: 525 daAuts
     D:5: 197 daAuts
   Sewer: 91 daAuts
